Map: Bridgehead LE (Void)

Players

Uleakred

  • Race: Terran Terran
  • League: Gold

SticklerMac - Winner!

  • Race: Zerg Zerg
  • League: Silver

VOD

Have the link to the VOD?

Description

Time

  • Played on: Sept. 28, 2015, 9:56 p.m.
  • Length: 5:16
Show
View Real Time Build Order
Export as new Build Order

Uleakred Terran 

Build Orders: Hellion Banshee 

Get SALT Encoding   

  12  0:01  SCV  
  13  0:13  SCV  
  14  0:20  Supply Depot  
  14  0:25  SCV  
  15  0:42  SCV  
  16  0:43  Barracks  
  16  0:53  Refinery  
  16  0:54  SCV  
  17  1:06  SCV  
  19  1:18  SCV  
  20  1:33  Supply Depot  
  20  1:36  Orbital Command  
  20  1:37  Reaper  
  20  2:02  SCV  
  21  2:09  Command Center  
  21  2:10  Barracks Reactor  
  21  2:14  SCV  
  22  2:26  SCV  
  23  2:35  Factory  
  23  2:38  SCV  
  23  2:39  Supply Depot  
  24  2:50  SCV, Marine x2  
  27  3:02  Supply Depot, SCV  
  28  3:07  Marine x2  
  30  3:14  SCV  
  31  3:22  Starport  
  31  3:24  Orbital Command  
  31  3:27  SCV  
  31  3:35  Hellion x2  
  31  3:39  SCV  
  36  3:41  Supply Depot  
  36  3:44  Barracks Tech Lab  
  36  3:51  SCV  
  36  3:52  SCV  
  38  3:59  Hellion x2  
  42  4:03  SCV  
  42  4:04  SCV  
  42  4:05  Refinery  
  42  4:09  Supply Depot  
  44  4:15  SCV  
  44  4:16  SCV  
  46  4:18  Banshee  
  46  4:22  Barracks Tech Lab  
  49  4:25  Hellion x2  
  49  4:27  SCV  
  49  4:28  SCV  
  55  4:34  Supply Depot  
  55  4:39  SCV  
  55  4:40  SCV  
  57  4:48  Command Center  
  57  4:51  SCV, Refinery x2  
Show
View Real Time Build Order
Export as new Build Order

SticklerMac Zerg - Winner!

Build Orders: Hatch First, Zergling Baneling 

Get SALT Encoding   

  12  0:01  Drone  
  13  0:10  Drone  
  14  0:17  Overlord  
  14  0:23  Drone, Extractor  
  15  0:35  Drone x2  
  17  0:54  Hatchery  
  16  0:58  Drone  
  16  0:59  Drone  
  18  1:05  Extractor  
  17  1:16  Spawning Pool  
  17  1:18  Drone  
  17  1:22  Drone  
  18  1:28  Drone  
  19  1:38  Drone  
  20  1:48  Overlord  
  20  2:04  Drone  
  20  2:05  Metabolic Boost, Queen  
  20  2:07  Queen  
  25  2:11  Drone  
  26  2:25  Drone x3  
  29  2:30  Drone  
  29  2:31  Drone  
  31  2:47  Zergling x4  
  33  2:54  Drone  
  33  2:55  Drone  
  35  3:03  Zergling x2  
  36  3:07  Overlord  
  36  3:23  Overlord x3  
  36  3:34  Zergling x6  
  36  3:35  Zergling x10  
  36  3:40  Overlord  
  36  3:41  Baneling Nest  
  43  3:55  Zergling x4  
  43  3:56  Zergling x2  
  43  3:59  Zergling x2  
  46  4:07  Drone  
  47  4:13  Zergling x10  
  52  4:18  Zergling x2  
  52  4:19  Zergling x6  
  52  4:23  Zergling x4  
  58  4:25  Baneling x8  
  58  4:26  Baneling x5  
  58  4:35  Zergling x4  
  60  4:41  Zergling x4  
  60  4:42  Zergling x4  
Tags
 
Add a new tag
Caveats
  • Supply blocks, unpowered buildings, or Contaminate may cause inaccurate times.
  • Supply counts are checked every 10 seconds.